 Dungeon Crawl Stone Soup version 0.24.0-123-gd5b16e6ec5 (webtiles) character file.

Game seed: 2880581058985706284, levelgen mode: deterministic

45 Notrik the Skirmisher (level 3, 0/36 HPs)
             Began as a Hill Orc Berserker on Feb 7, 2020.
             Was a Follower of Trog.
             Slain by Grinder (6 damage)
             ... while paralysed by Grinder
             ... on level 3 of the Dungeon.
             The game lasted 00:03:20 (1631 turns).

Notrik the Skirmisher (Hill Orc Berserker)          Turns: 1631, Time: 00:03:20

Health: 0/36       AC: 10    Str: 20    XL:     3   Next: 64%
Magic:  3/3        EV:  2    Int:  7    God:    Trog [*.....]
Gold:   134        SH:  0    Dex: 10    Spells: 2/2 levels left

rFire    . . .     SeeInvis .   i - +1 whip (venom)
rCold    . . .     Gourm    .   (no shield)
rNeg     . . .     Faith    .   k - +0 plate armour
rPois    .         Spirit   .   (no helmet)
rElec    .         Reflect  .   (no cloak)
rCorr    .         Harm     .   (no gloves)
MR       .....                  (no boots)
Stlth    ..........             (no amulet)
HPRegen  0.12/turn              (no ring)
MPRegen  0.08/turn              (no ring)

@: paralysed
A: no striking features
a: Berserk, Renounce Religion


You were on level 3 of the Dungeon.
You worshipped Trog.
Trog was aware of your devotion.
You were not hungry.

You visited 1 branch of the dungeon, and saw 3 of its levels.

You collected 134 gold pieces.

Inventory:

Hand Weapons
 a - a +0 hand axe
 i - a +1 whip of venom (weapon)
   (You took it off a kobold on level 1 of the Dungeon)
Armour
 k - a +0 plate armour (worn)
   (You found it on level 1 of the Dungeon)
Scrolls
 c - 3 scrolls of identify {@r1}
 d - 2 scrolls of teleportation {unknown}
 f - a scroll of immolation {unknown}
 j - 2 scrolls of fear {unknown}
 n - a scroll of noise {unknown}
 o - 2 scrolls of remove curse {unknown}
Potions
 b - 2 potions of might {unknown}
 g - a potion of flight {unknown}
 m - a potion of brilliance {unknown}
 p - a potion of curing {@q1}
 q - a potion of cancellation {unknown}
Comestibles
 e - 7 rations {!d}
 h - a chunk of flesh


   Skills:
 * Level 5.5 Fighting
 - Level 4.0 Axes
 - Level 2.1 Armour
 - Level 1.5 Dodging


You had 2 spell levels left.
You didn't know any spells.
Your spell library was empty.

Dungeon Overview and Level Annotations

Branches:
Dungeon (3/15)

Altars:

Annotations:
D:3 Grinder


Message History

Okay, then.
There is a stone staircase leading down here.
As you read the scroll labeled AVVYGON CIJA, it crumbles to dust.
It is a scroll of identify.
l - an uncursed ring of flight
As you read the scroll of identify {@r1}, it crumbles to dust.
h - a cursed ring of attention You drop a cursed ring of attention.
You drop an uncursed ring of flight.
You climb downwards.
A frilled lizard comes into view.
The frilled lizard hisses angrily.
Found a green potion.
There is a stone staircase leading up here.
The frilled lizard bites you but does no damage.
You hit the frilled lizard.
You kill the frilled lizard!
Trog accepts your kill.
No target in view!
No target in view!
No target in view!
No target in view!
No target in view!
No target in view!
No target in view!
No target in view!
You butcher the frilled lizard corpse.
h - a chunk of flesh You see here a frilled lizard skeleton. x2
b - 2 green potions (gained 1)
Found a sapphire potion.
Grinder comes into view.
Found a buckler.
Grinder hits you.
Your plate armour prevents you from hitting Grinder.
Grinder hits you.
You writhe in agony.
You closely miss Grinder. Grinder barely misses you.
You completely miss Grinder. Grinder gestures at you.
You suddenly lose the ability to move!
Grinder hits you but does no damage.
Grinder says, "You look like you could use a good racking."
Grinder hits you!
* * * LOW HITPOINT WARNING * * *
You writhe in agony.
* * * LOW HITPOINT WARNING * * *
Grinder hits you.
* * * LOW HITPOINT WARNING * * *
You writhe in agony.
You die...

#####.#....#
#.#....#
#.#....# #.#
...# #.# #
#.# ##.#
#..# #@##
#5# #.# #.#
#.# #.# #.#
#....!.[....
#.##.###..5.


You could see Grinder.

Vanquished Creatures
  2 dart slugs (D:1)
  A leopard gecko (D:1)
  2 bats (D:1)
  5 giant cockroaches
  5 goblins
  4 hobgoblins
  4 jackals (D:2)
  A quokka (D:2)
  3 frilled lizards
  4 kobolds (D:1)
  5 rats
36 creatures vanquished.

Notes
Turn   | Place    | Note
-------+----------+-------------------------------------------
     0 | D:1      | Notrik the Hill Orc Berserker began the quest for the Orb.
     0 | D:1      | Reached XP level 1. HP: 19/19 MP: 1/1
    50 | D:1      | Reached skill level 4 in Fighting
    88 | D:1      | Reached XP level 2. HP: 27/27 MP: 2/2
   572 | D:1      | Reached skill level 5 in Fighting
   572 | D:1      | Reached XP level 3. HP: 34/36 MP: 3/3
   899 | D:2      | Found a faded altar of an unknown god.
  1613 | D:3      | Noticed Grinder
  1628 | D:3      | Paralysed by Grinder for 6 turns
  1631 | D:3      | Slain by Grinder

Levels and vault maps discovered:
D:1:      minmay_arrival_loop, layout_rooms, chequers_serial_rivers_micro_d,
          minmay_fountain_box, minmay_tetromino_t2
D:2:      layout_basic, chequers_ecumenical_altar_island, first_ration
D:3:      layout_rooms, minmay_misc_feat_tower, uniq_grinder

Skill      XL: |  1  2 |
---------------+-------+-----
Fighting       | 4 5 |  5.5
Axes           | |  4.0
Armour         | |  2.1
Dodging        | |  1.5

Action                   || total
-------------------------++-------
Melee: Hand axe          ||    68
       Whip              ||    34
  Use: Scroll            ||     2
       Potion            ||     1
  Eat: Chunk             ||     2
Armor: Leather armour    ||     6
       Chain mail        ||     5
       Plate armour      ||    41
Dodge: Dodged            ||    38
